% Time on Ice - VANCOUVER VOODOO
Lines # - Real PCT - Wanted PCT - Time Play
Normal Forward
1 - 28% - 34% - 13:54
2 - 28% - 34% - 14:06
3 - 22% - 23% - 10:57
4 - 22% - 9% - 10:52
Normal Defense
1 - 34% - 37% - 17:09
2 - 36% - 36% - 18:10
3 - 29% - 27% - 14:12
4 - 1% - 0% - 0:18
PP Forward
1 - 52% - 50% - 4:14
2 - 48% - 50% - 3:58
PP Defense
1 - 56% - 59% - 4:37
2 - 44% - 41% - 3:35
PK Forward
1 - 24% - 50% - 0:28
2 - 76% - 50% - 1:31
PK Defense
1 - 35% - 58% - 0:42
2 - 65% - 42% - 1:17
PK3 Forward
1 - 0% - 55%
2 - 0% - 45%
PK3 Defense
1 - 0% - 60%
2 - 0% - 40%
44 Forward
1 - 0% - 50%
2 - 0% - 50%
44 Defense
1 - 0% - 50%
2 - 0% - 50%
Last Minute Offensive  - 0:00
Last Minute Defensive  - 0:00
Total
Forward - 60:00
Defense - 60:00
% Time on Ice - WINNIPEG BEAVERS
Lines # - Real PCT - Wanted PCT - Time Play
Normal Forward
1 - 33% - 33% - 16:32
2 - 31% - 31% - 15:36
3 - 26% - 26% - 12:49
4 - 10% - 10% - 4:52
Normal Defense
1 - 34% - 32% - 17:05
2 - 33% - 31% - 16:30
3 - 29% - 28% - 14:33
4 - 3% - 9% - 1:41
PP Forward
1 - 58% - 51% - 1:09
2 - 42% - 49% - 0:50
PP Defense
1 - 42% - 51% - 0:50
2 - 58% - 49% - 1:09
PK Forward
1 - 52% - 52% - 4:16
2 - 48% - 48% - 3:56
PK Defense
1 - 43% - 50% - 3:31
2 - 57% - 50% - 4:41
PK3 Forward
1 - 0% - 55%
2 - 0% - 45%
PK3 Defense
1 - 0% - 55%
2 - 0% - 45%
44 Forward
1 - 0% - 51%
2 - 0% - 49%
44 Defense
1 - 0% - 51%
2 - 0% - 49%
Last Minute Offensive  - 0:00
Last Minute Defensive  - 0:00
Total
Forward - 60:00
Defense - 60:00
Play-by-Play 1st period 0:01 of 1st period - David Krejci wins face-off versus Anze Kopitar in neutral zone. 0:08 of 1st period - Shot by Gustav Nyquist. 0:08 of 1st period - Stopped by Carey Price without a rebound. 0:09 of 1st period - Bryan Little wins face-off versus Mika Zibanejad in VANCOUVER VOODOO zone. 0:24 of 1st period - Shot by Mika Zibanejad. 0:24 of 1st period - Stopped by Carey Price without a rebound. 0:25 of 1st period - Travis Zajac wins face-off versus Leo Komarov in VANCOUVER VOODOO zone. 0:49 of 1st period - Kevan Miller is hit by Jack Johnson and loses puck. 0:53 of 1st period - Travis Zajac is hit by Mathew Dumba and loses puck. 1:59 of 1st period - Cam Atkinson is hit by David Krejci and loses puck. 2:26 of 1st period - Shot by Cam Atkinson. 2:26 of 1st period - Deflect By Anze Kopitar. 2:26 of 1st period - Goal by Anze Kopitar - VANCOUVER VOODOO : 1 - WINNIPEG BEAVERS : 0. 2:27 of 1st period - Tyson Jost wins face-off versus Matt Cullen in neutral zone. 2:27 of 1st period - Bryan Little is hit by Troy Brouwer and loses puck. 2:38 of 1st period - Shot by Tyson Jost. 2:38 of 1st period - Stopped by Sergei Bobrovsky with a rebound. 2:49 of 1st period - Minor Penalty to Nick Seeler for Interference. 2:50 of 1st period - Travis Zajac wins face-off versus Bryan Little in WINNIPEG BEAVERS zone. 3:14 of 1st period - Icing by Tyson Jost. 3:15 of 1st period - David Backes wins face-off versus Cam Atkinson in VANCOUVER VOODOO zone. 3:47 of 1st period - Off-side. 3:48 of 1st period - Anze Kopitar wins face-off versus David Backes in neutral zone. 4:07 of 1st period - Shot by Shea Theodore. 4:07 of 1st period - Shot Blocked by Justin Braun. 4:09 of 1st period - Shot by Denis Malgin. 4:09 of 1st period - Stopped by Sergei Bobrovsky without a rebound. 4:10 of 1st period - Bryan Little wins face-off versus Matt Cullen in WINNIPEG BEAVERS zone. 5:47 of 1st period - Icing by Daniel Girardi. 5:48 of 1st period - David Krejci wins face-off versus Carter Verhaeghe in VANCOUVER VOODOO zone. 5:51 of 1st period - Shot by David Krejci. 5:51 of 1st period - Shot Misses the Net. 5:53 of 1st period - Shot by David Krejci. 5:53 of 1st period - Shot Blocked by Danny DeKeyser. 6:01 of 1st period - Shot by Gustav Nyquist. 6:01 of 1st period - Stopped by Carey Price without a rebound. 6:02 of 1st period - Travis Zajac wins face-off versus Anze Kopitar in VANCOUVER VOODOO zone. 6:02 of 1st period - David Backes is hit by Michael Matheson. 6:17 of 1st period - Brandon Tanev is hit by Shea Theodore and loses puck. 6:22 of 1st period - Shot by Travis Zajac. 6:22 of 1st period - Stopped by Carey Price without a rebound. 6:23 of 1st period - David Krejci wins face-off versus Rocco Grimaldi in VANCOUVER VOODOO zone. 6:38 of 1st period - Shot by Gustav Nyquist. 6:38 of 1st period - Shot Misses the Net. 6:40 of 1st period - Shot by David Krejci. 6:40 of 1st period - Shot Misses the Net. 6:42 of 1st period - Shot by Trevor Daley. 6:42 of 1st period - Stopped by Carey Price with a rebound. 6:50 of 1st period - Shot by David Krejci. 6:50 of 1st period - Stopped by Carey Price without a rebound. 6:51 of 1st period - Travis Zajac wins face-off versus Anze Kopitar in VANCOUVER VOODOO zone. 7:24 of 1st period - Shot by Cam Atkinson. 7:24 of 1st period - Stopped by Sergei Bobrovsky without a rebound. 7:24 of 1st period - Minor Penalty to Mike Green for Interference. 7:25 of 1st period - David Backes wins face-off versus Anze Kopitar in WINNIPEG BEAVERS zone. 7:40 of 1st period - Shot by Anze Kopitar. 7:40 of 1st period - Deflect By Magnus Paajarvi-Svensson. 7:40 of 1st period - Stopped by Sergei Bobrovsky without a rebound. 7:41 of 1st period - Bryan Little wins face-off versus Travis Zajac in WINNIPEG BEAVERS zone. 9:07 of 1st period - Shot by Anze Kopitar. 9:07 of 1st period - Stopped by Sergei Bobrovsky without a rebound. 9:08 of 1st period - David Backes wins face-off versus Tyson Jost in WINNIPEG BEAVERS zone. 10:34 of 1st period - Shot by Magnus Paajarvi-Svensson. 10:34 of 1st period - Shot Blocked by Justin Braun. 10:36 of 1st period - Shot by Daniel Girardi. 10:36 of 1st period - Shot Blocked by Gustav Nyquist. 10:38 of 1st period - Shot by Magnus Paajarvi-Svensson. 10:38 of 1st period - Shot Misses the Net. 11:45 of 1st period - Shot by Cam Atkinson. 11:45 of 1st period - Stopped by Sergei Bobrovsky without a rebound. 11:46 of 1st period - Travis Zajac wins face-off versus Bryan Little in WINNIPEG BEAVERS zone. 11:46 of 1st period - Travis Zajac is hit by Bryan Little. 12:18 of 1st period - Shot by Travis Zajac. 12:18 of 1st period - Stopped by Carey Price without a rebound. 12:19 of 1st period - Carter Verhaeghe wins face-off versus Mika Zibanejad in VANCOUVER VOODOO zone. 12:19 of 1st period - Carter Verhaeghe is hit by Mika Zibanejad. 12:31 of 1st period - Shot by Reyley Smith. 12:31 of 1st period - Shot Misses the Net. 13:04 of 1st period - Shot by Mika Zibanejad. 13:04 of 1st period - Stopped by Carey Price without a rebound. 13:05 of 1st period - Anze Kopitar wins face-off versus David Krejci in VANCOUVER VOODOO zone. 13:13 of 1st period - Icing by Brad Marchand. 13:14 of 1st period - David Krejci wins face-off versus Bryan Little in WINNIPEG BEAVERS zone. 14:14 of 1st period - Off-side. 14:15 of 1st period - Anze Kopitar wins face-off versus Mika Zibanejad in neutral zone. 14:50 of 1st period - Minor Penalty to Ilya Kovalchuk for Cross-checking. 14:51 of 1st period - Anze Kopitar wins face-off versus David Backes in WINNIPEG BEAVERS zone. 15:14 of 1st period - Shot by Anze Kopitar. 15:14 of 1st period - Stopped by Sergei Bobrovsky without a rebound. 15:15 of 1st period - David Backes wins face-off versus Tyson Jost in WINNIPEG BEAVERS zone. 16:17 of 1st period - Shot by Anze Kopitar. 16:17 of 1st period - Stopped by Sergei Bobrovsky without a rebound. 16:18 of 1st period - Travis Zajac wins face-off versus Anze Kopitar in WINNIPEG BEAVERS zone. 17:16 of 1st period - Shot by Brad Marchand. 17:16 of 1st period - Goal by Brad Marchand - VANCOUVER VOODOO : 1 - WINNIPEG BEAVERS : 1. 17:17 of 1st period - Bryan Little wins face-off versus Mika Zibanejad in neutral zone. 17:32 of 1st period - Shot by Rocco Grimaldi. 17:32 of 1st period - Shot Misses the Net. 17:34 of 1st period - Shot by Jack Johnson. 17:34 of 1st period - Stopped by Sergei Bobrovsky without a rebound. 17:35 of 1st period - Anze Kopitar wins face-off versus Travis Zajac in WINNIPEG BEAVERS zone. 18:05 of 1st period - Anze Kopitar is hit by Brandon Tanev and loses puck. 19:10 of 1st period - Icing by Daniel Girardi. 19:11 of 1st period - Anze Kopitar wins face-off versus Mika Zibanejad in VANCOUVER VOODOO zone. 19:27 of 1st period - Rocco Grimaldi is hit by Kevan Miller and loses puck. 19:37 of 1st period - Minor Penalty to Nick Seeler for Interference. 19:38 of 1st period - Matt Cullen wins face-off versus Bryan Little in WINNIPEG BEAVERS zone. 19:57 of 1st period - Shot by Magnus Paajarvi-Svensson. 19:57 of 1st period - Shot Blocked by Justin Braun. 19:59 of 1st period - Shot by Mathew Dumba. 19:59 of 1st period - Shot Misses the Net. Goals for this period are 1 for VANCOUVER VOODOO vs 1 for WINNIPEG BEAVERS. Shots for this period are 10 for VANCOUVER VOODOO vs 9 for WINNIPEG BEAVERS. 2nd period 0:01 of 2nd period - Anze Kopitar wins face-off versus David Backes in neutral zone. 0:33 of 2nd period - Shot by Anze Kopitar. 0:33 of 2nd period - Shot Misses the Net. 0:35 of 2nd period - Shot by Magnus Paajarvi-Svensson. 0:35 of 2nd period - Shot Misses the Net. 0:37 of 2nd period - Shot by Shea Theodore. 0:37 of 2nd period - Stopped by Sergei Bobrovsky without a rebound. 0:38 of 2nd period - Travis Zajac wins face-off versus Bryan Little in WINNIPEG BEAVERS zone. 0:52 of 2nd period - Shot by Cam Atkinson. 0:52 of 2nd period - Deflect By Tyson Jost. 0:52 of 2nd period - Shot Misses the Net. 1:18 of 2nd period - Shot by Cam Atkinson. 1:18 of 2nd period - Stopped by Sergei Bobrovsky without a rebound. 1:19 of 2nd period - Anze Kopitar wins face-off versus Travis Zajac in WINNIPEG BEAVERS zone. 1:24 of 2nd period - Shot by Mathew Dumba. 1:24 of 2nd period - Stopped by Sergei Bobrovsky without a rebound. 1:25 of 2nd period - Anze Kopitar wins face-off versus David Backes in WINNIPEG BEAVERS zone. 1:38 of 2nd period - Shot by Magnus Paajarvi-Svensson. 1:38 of 2nd period - Shot Misses the Net. 2:26 of 2nd period - Icing by Jack Johnson. 2:27 of 2nd period - Carter Verhaeghe wins face-off versus Travis Zajac in VANCOUVER VOODOO zone. 2:46 of 2nd period - Shot by Tyson Jost. 2:46 of 2nd period - Stopped by Sergei Bobrovsky without a rebound. 2:47 of 2nd period - David Krejci wins face-off versus Denis Malgin in WINNIPEG BEAVERS zone. 3:00 of 2nd period - Shot by Gustav Nyquist. 3:00 of 2nd period - Goal by Gustav Nyquist - VANCOUVER VOODOO : 1 - WINNIPEG BEAVERS : 2. 3:01 of 2nd period - David Backes wins face-off versus Bryan Little in neutral zone. 3:20 of 2nd period - Shot by Brandon Tanev. 3:20 of 2nd period - Stopped by Carey Price without a rebound. 3:21 of 2nd period - Anze Kopitar wins face-off versus David Krejci in VANCOUVER VOODOO zone. 3:25 of 2nd period - Icing by Cam Atkinson. 3:26 of 2nd period - David Krejci wins face-off versus Anze Kopitar in VANCOUVER VOODOO zone. 3:27 of 2nd period - Shot by Brad Marchand. 3:27 of 2nd period - Deflect By Gustav Nyquist. 3:27 of 2nd period - Shot Blocked by Michael Matheson. 3:29 of 2nd period - Shot by Trevor Daley. 3:29 of 2nd period - Stopped by Carey Price without a rebound. 3:30 of 2nd period - David Krejci wins face-off versus Tyson Jost in VANCOUVER VOODOO zone. 3:36 of 2nd period - Brad Marchand is hit by Michael Matheson and loses puck. 5:02 of 2nd period - Minor Penalty to Dan